 Dungeon Sprint DCSS version 0.27.1-34-g3ba077fa99 (webtiles) character file.

Game seed: 17228077957220755200

2299 Karpo the Ninja (level 9, -1/39 HPs)
             Began as a Spriggan Enchanter on Feb 14, 2022.
             Was a Believer of Sif Muna.
             Shot with an arrow by a centaur warrior (2 damage)
             ... in the Dungeon (Sprint I: "Red Sonja").
             The game lasted 00:04:51 (670 turns).

Karpo the Ninja (Spriggan Enchanter)                 Turns: 670, Time: 00:04:54

Health: -1/39      AC:  3    Str:  4    XL:     9   Next: 17%
Magic:  11/14      EV: 17    Int: 19    God:    Sif Muna [**....]
Gold:   854        SH:  0    Dex: 16    Spells: 1/13 levels left

rFire    . . .     SeeInvis +   a - +1 dagger
rCold    . . .     Faith    .   (shield restricted)
rNeg     . . .     Spirit   .   i - +1 robe
rPois    .         Reflect  .   (helmet restricted)
rElec    .         Harm     .   (no cloak)
rCorr    .         Rampage  .   (gloves unavailable)
Will     +....     NoTele   +   (boots unavailable)
Stlth    ++++++++++             (no amulet)
HPRegen  0.13/turn              (no ring)
MPRegen  0.14/turn              (no ring)

@: very slightly contaminated, very quick
A: very small, no large weapons, unfitting armour, see invisible, speed 3
a: Renounce Religion, Channel Magic


You were in the Dungeon.
You worshipped Sif Muna.
Sif Muna was pleased with you.
You visited 1 branch You collected 854 gold pieces.

Inventory:

Hand Weapons
 a - a +1 dagger (weapon)
 k - a +1 short sword of distortion
 m - a +0 rapier
Missiles
 l - 5 curare-tipped darts
 n - 7 boomerangs
Armour
 i - a +1 robe (worn)
 o - a +0 troll leather armour
Wands
 j - a wand of flame (18)
Scrolls
 b - 3 scrolls of identify {unknown}
 p - a scroll of magic mapping {unknown}
Potions
 c - 4 potions of curing
 d - a potion of heal wounds
 e - a potion of haste
 f - 2 potions of magic
 g - a potion of berserk rage


   Skills:
 + Level 3.3 Short Blades
 - Level 2.6 Dodging
 O Level 27 Stealth
 - Level 2.6 Spellcasting
 - Level 3.6 Hexes


You had one spell level left.
You knew the following spells:

 Your Spells              Type           Power      Damage    Failure   Level
a - Corona                Hex            17%        N/A       3%          1
b - Ensorcelled Hibernat  Hex/Ice        18%        N/A       12%         2
c - Confusing Touch       Hex            16%        N/A       11%         3
d - Tukima's Dance        Hex            16%        N/A       11%         3
e - Dazzling Flash        Conj/Hex       18%        N/A       22%         3

Your spell library contained the following spells:

 Spells                   Type           Power      Damage    Failure   Level


Dungeon Overview and Level Annotations

Branches:
Dungeon (1/1)

Altars:
Cheibriados
Dithmenos
Elyvilon
Fedhas
Gozag
Hepliaklqana
Kikubaaqudgha
Makhleb
Nemelex Xobeh
Okawaru
Qazlal
Ru
Sif Muna
Trog
Uskayaw
Vehumet
Wu Jian
Xom
Yredelemnul
Zin
The Shining One
Jiyva
Lugonu

Shops:
D =([


Innate Abilities, Weirdness & Mutations

You are very small and have problems with some larger weapons.
You are too small for most types of armour.
You have supernaturally acute eyesight. (SInv)
You cover ground extremely quickly. (Speed+++)


Message History

A centaur warrior comes into view.
A centaur warrior comes into view.
There is an open door here.
You enter the shallow water.
Moving in this stuff is going to be slow.
The centaur warrior shouts! x2
The centaur warrior wields a +0 shortbow.
The centaur warrior shoots an arrow.
The arrow hits you!
The centaur warrior wields a +2 shortbow of flaming.
It bursts into flame!
The centaur warrior shoots an arrow.
The arrow closely misses you.
The centaur warrior shoots an arrow.
The arrow completely misses you.
There is an open door here.
Which direction?
You close the door.
Something unseen opens the door.
Casting: Ensorcelled Hibernation (safe; 12% risk of failure)
Confirm with . or Enter, or press ? or * to list all spells.
The spell is quite dangerous to cast (22% risk of failure)!
Continue anyway?
You miscast Dazzling Flash.
You are very lightly contaminated with residual magic.
Nothing appears to happen.
The centaur warrior unwields a +2 shortbow of flaming.
It stops flaming.
The centaur warrior hits you. The centaur warrior closely misses you.
The centaur warrior unwields a +0 shortbow.
The centaur warrior hits you!
* * * LOW HITPOINT WARNING * * *
The centaur warrior kicks you.
* * * LOW HITPOINT WARNING * * *
Casting: Dazzling Flash (quite dangerous; 22% risk of failure)
Confirm with . or Enter, or press ? or * to list all spells.
Okay, then.
Blink to where?
Press: ? - help, Dir - move target
As you read the scroll of blinking, it crumbles to dust.
The centaur warrior wields a +2 shortbow of flaming.
It bursts into flame!
The centaur warrior shoots an arrow.
The arrow hits you!
* * * LOW HITPOINT WARNING * * *
The arrow burns you.
You die...

#..#####'#####'#__####)..+ss#
#..####..#...#.#### (#####s.+
#..#__####..##.#≈≈§§c# +##
#..#_____##'#_.+§§§cc+
#⌠⌠#_.∩...'..._#§§§..#
####_..__##_.#'##c###
#_____###'#)#.c§.###
############.####'###.##
#∩........'...'.@†..'.∩#
###++++####...##########
###.### #.#'#.# #.....#
#...(.# #######


You could see 2 centaur warriors.

Vanquished Creatures
  Sonja (D)
  A deep troll (D)
  2 kobold demonologists (D)
  A slime creature (D)
  Sigmund (D)
  A yak (D)
  A floating eye (D)
  An ogre (D)
  A jelly (D)
  Ijyb (D)
  A ballistomycete spore (D)
12 creatures vanquished.

Vanquished Creatures (others)
  A ballistomycete spore (D)
1 creature vanquished.

Grand Total: 13 creatures vanquished

Notes
Turn   | Place    | Note
-------+----------+-------------------------------------------
     0 | D        | Karpo the Spriggan Enchanter began the quest for the Orb.
     0 | D        | Reached XP level 1. HP: 9/9 MP: 5/5
     1 | D        | Noticed Ijyb
     6 | D        | Killed Ijyb
     7 | D        | Reached skill level 9 in Stealth
     7 | D        | Reached XP level 2. HP: 13/13 MP: 6/6
    11 | D        | Learned a level 2 spell: Ensorcelled Hibernation
   111 | D        | Noticed an ogre
   117 | D        | Killed an ogre
   118 | D        | Reached skill level 14 in Stealth
   118 | D        | Reached XP level 3. HP: 16/16 MP: 2/8
   118 | D        | Reached XP level 4. HP: 21/21 MP: 2/9
   122 | D        | Learned a level 3 spell: Confusing Touch
   188 | D        | Noticed Sigmund
   191 | D        | Killed Sigmund
   192 | D        | Reached skill level 18 in Stealth
   192 | D        | Reached XP level 5. HP: 24/24 MP: 10/10
   192 | D        | Reached XP level 6. HP: 28/28 MP: 11/11
   215 | D        | Found a shimmering blue altar of Sif Muna.
   216 | D        | Found an ornate altar of the Wu Jian Council.
   217 | D        | Found a radiant altar of Vehumet.
   221 | D        | Became a worshipper of Sif Muna the Loreminder
   252 | D        | Learned a level 3 spell: Tukima's Dance
   252 | D        | Found Yciz's Antique Weapon Emporium.
   252 | D        | Found an ancient bone altar of Kikubaaqudgha.
   252 | D        | Found a hazy altar of Hepliaklqana.
   252 | D        | Found a hide-covered altar of Uskayaw.
   252 | D        | Found a basalt altar of Yredelemnul.
   252 | D        | Found an opulent altar of Gozag.
   252 | D        | Found a snail-covered altar of Cheibriados.
   252 | D        | Found a sacrificial altar of Ru.
   252 | D        | Found a shadowy altar of Dithmenos.
   252 | D        | Noticed a yak
   253 | D        | Found a stormy altar of Qazlal.
   253 | D        | Found a blossoming altar of Fedhas.
   253 | D        | Found a bloodstained altar of Trog.
   253 | D        | Found an iron altar of Okawaru.
   253 | D        | Found a glowing golden altar of the Shining One.
   253 | D        | Found a glowing silver altar of Zin.
   253 | D        | Found a white marble altar of Elyvilon.
   254 | D        | Killed a yak
   255 | D        | Reached skill level 20 in Stealth
   255 | D        | Found a sparkling altar of Nemelex Xobeh.
   270 | D        | Noticed Sonja
   275 | D        | Killed Sonja
   275 | D        | Reached * piety under Sif Muna
   276 | D        | Reached skill level 23 in Stealth
   276 | D        | Reached XP level 7. HP: 32/32 MP: 9/12
   276 | D        | Reached XP level 8. HP: 36/36 MP: 9/13
   313 | D        | Found Epaveed's Jewellery Boutique.
   475 | D        | Noticed a deep troll
   479 | D        | Killed a deep troll
   480 | D        | Reached skill level 25 in Stealth
   509 | D        | Found Gorof's Armour Emporium.
   530 | D        | Learned a level 3 spell: Dazzling Flash
   537 | D        | Found a viscous altar of Jiyva.
   537 | D        | Found a corrupted altar of Lugonu.
   537 | D        | Noticed a slime creature
   538 | D        | Found a burning altar of Makhleb.
   538 | D        | Found a shimmering altar of Xom.
   540 | D        | Killed a slime creature
   553 | D        | Noticed a kobold demonologist
   554 | D        | Noticed a kobold demonologist
   556 | D        | Reached ** piety under Sif Muna
   557 | D        | Reached skill level 26 in Stealth
   558 | D        | Killed a kobold demonologist
   559 | D        | Reached XP level 9. HP: 39/39 MP: 14/14
   559 | D        | Killed a kobold demonologist
   560 | D        | Reached skill level 27 in Stealth
   564 | D        | Noticed a demonic crawler
   564 | D        | Noticed a demonic crawler
   564 | D        | Noticed a demonic crawler
   564 | D        | Noticed a demonic crawler
   663 | D        | Noticed a centaur warrior
   663 | D        | Noticed a centaur warrior
   670 | D        | HP: 1/39 [centaur warrior/arrow (9)]
   670 | D        | Shot with an arrow by a centaur warrior

Illustrated notes

Levels and vault maps discovered:
D:        dungeon_sprint_1 [red_sonja_temple_1, red_sonja_temple_small_1]

Skill      XL: |  1  2  3  4  5  6  7  8  9 |
---------------+----------------------------+-----
Stealth        | 9 14 18 23 26 27 | 27.0
Short Blades   | 3 |  3.3
Dodging        | |  2.6
Spellcasting   | |  2.6
Hexes          | |  3.6

Action                   |  1- 3 |  4- 6 |  7- 9 || total
-------------------------+-------+-------+-------++-------
Melee: Dagger            |     4 |     4 |     6 ||    14
 Cast: Ensorcelled Hiber |     2 |     1 |       ||     3
  Use: Scroll            |       |       |     1 ||     1
 Stab: Sleeping          |     2 |     4 |     6 ||    12
Dodge: Dodged            |     2 |     1 |     4 ||     7
